Canucks vs Wolfpack
Created - March 14, 2025 at 19:19
Goals
|
| Canucks |
0 |
1 |
3 |
4 |
| Wolfpack |
2 |
3 |
1 |
6 |
|
Shots
|
| Canucks |
13 |
5 |
16 |
34 |
| Wolfpack |
16 |
14 |
9 |
39 |
|
1st period
1. Wolfpack , Dryden Hunt 17 (Nolan Patrick 42, Sebastian Collberg 35) at 14:53 (PP)
2. Wolfpack , Alexander Barabanov 24 (Alex Barre-Boulet 32, Owen Tippet 26) at 19:39
Penalties :
Nicolas Petan (Abb) for High sticking (Minor) at 8:17, Mackenzie MacEachern (Abb) for Interference (Minor) at 14:36
2nd period
3. Wolfpack , Dryden Hunt 18 (Sebastian Collberg 36, Nolan Patrick 43) at 2:34
4. Canucks , Lane Pederson 5 (Tobias Lindberg 5, C.J. Smith 8) at 3:42
5. Wolfpack , Linus Sandin 7 (Cale Fleury 10, Yegor Korshkov 20) at 8:39
6. Wolfpack , Shane Pinto 3 (Alexander Volkov 8, Jeffrey Viel 4) at 15:24
Penalties :
Nolan Patrick (Har) for Fighting (Major) at 15:38, Nicolas Petan (Abb) for Fighting (Major) at 15:38, Jeffrey Viel (Har) for Fighting (Major) at 16:35, Lane Pederson (Abb) for Fighting (Major) at 16:35, Jeffrey Viel (Har) for instigated a fight (Minor) at 16:35, Jeffrey Viel (Har) for instigated a fight (10 Minutes Misconduct) at 16:35, Dryden Hunt (Har) for Tripping (Minor) at 17:00
3rd period
7. Canucks , Ryan Lomberg 45 (Nicolas Petan 60, William Lagesson 20) at 3:44 (PP)
8. Canucks , Ryan Lomberg 46 (Nicolas Petan 61, Curtis Lazar 47) at 8:04 (PP)
9. Canucks , C.J. Smith 13 (William Lagesson 21, Lane Pederson 17) at 12:52
10. Wolfpack , Nolan Patrick 31 (Sebastian Collberg 37, Cale Fleury 11) at 15:13
Penalties :
Yegor Korshkov (Har) for Cross-checking (Minor) at 3:28, Cale Fleury (Har) for Tripping (Minor) at 7:52, Owen Tippet (Har) for Slashing (Minor) at 10:11
Goalie Stats
Thatcher Demko (Abb), 33 saves from 39 shots - (0.846), L, 31-12-4, 60:00 minutes
Samuel Ersson (Har), 30 saves from 34 shots - (0.882), W, 12-11-4, 60:00 minutes
Players Stats for Canucks
Player Name G A P +/- PIM S H SB GA TA FO MP PP MP PK MP
------------------------------------------------------------------------------------
Aku Raty 0 0 0 0 0 0 0 0 0 0 0/0 0:00 0:00 0:00
Aleksi Heponiemi 0 0 0 -1 0 0 0 0 0 0 2/2 11:28 0:00 0:00
Axel Holmstrom 0 0 0 -2 0 1 1 2 0 0 7/16 16:07 1:54 0:52
Brandon Saigeon 0 0 0 0 0 0 0 0 0 0 0/0 0:00 0:00 0:00
C.J. Smith 1 1 2 2 0 3 2 1 0 0 0/1 7:36 0:00 0:00
Charles Hudon 0 0 0 0 0 0 0 0 0 0 2/4 3:07 1:02 0:42
Curtis Lazar 0 1 1 -2 0 4 2 0 1 0 2/4 24:37 2:54 1:15
Daniil Miromanov 0 0 0 -1 0 1 0 1 0 0 0/0 24:14 2:56 0:54
Guillaume Brisebois 0 0 0 -1 0 0 1 0 0 0 0/0 19:24 1:55 1:22
Jack Rathbone 0 0 0 -1 0 0 2 0 0 1 0/0 12:46 0:00 0:00
Jay O'Brien 0 0 0 0 0 0 0 0 0 0 1/1 0:48 0:00 0:48
Juho Lammikko 0 0 0 -2 0 2 1 2 0 0 1/1 15:33 1:54 0:19
Lane Pederson 1 1 2 2 5 3 1 0 0 0 4/7 7:16 0:00 0:00
Mackenzie MacEachern 0 0 0 -1 2 5 0 0 0 1 0/0 11:27 0:00 0:00
Michael Kesselring 0 0 0 0 0 0 0 0 0 0 0/0 3:53 0:00 0:00
Nicolas Petan 0 2 2 -2 7 2 1 0 0 0 17/31 21:06 1:30 0:17
Rasmus Asplund 0 0 0 0 0 0 0 0 0 0 0/0 0:36 0:30 0:00
Ryan Lomberg 2 0 2 -2 0 6 2 0 3 0 2/2 23:38 2:52 0:19
Simon Bourque 0 0 0 -1 0 0 0 1 0 0 0/0 12:29 0:00 0:00
Tobias Lindberg 0 1 1 2 0 2 0 0 1 0 0/0 7:39 0:03 0:00
Trevor Moore 0 0 0 -2 0 0 0 0 0 2 0/1 15:14 1:54 0:00
Will Borgen 0 0 0 -1 0 1 2 1 0 0 0/0 19:24 1:55 1:22
William Lagesson 0 2 2 -1 0 3 2 2 0 0 0/0 27:50 2:56 0:54
William Lockwood 0 0 0 -1 0 1 1 0 0 0 0/0 11:28 0:00 0:00
Players Stats for Wolfpack
Player Name G A P +/- PIM S H SB GA TA FO MP PP MP PK MP
------------------------------------------------------------------------------------
Alex Barre-Boulet 0 1 1 0 0 4 2 0 0 0 2/6 15:40 0:57 0:20
Alexander Barabanov 1 0 1 0 0 2 0 0 0 0 2/7 19:37 0:57 2:14
Alexander Volkov 0 1 1 1 0 0 1 0 0 0 0/0 8:28 0:00 0:00
Andrew Peeke 0 0 0 0 0 1 1 3 0 0 0/0 10:58 0:00 0:00
Cale Fleury 0 2 2 1 2 1 1 4 0 1 0/0 19:44 0:42 1:36
Colton White 0 0 0 2 0 1 1 1 1 0 0/0 29:17 1:34 3:15
Dryden Hunt 2 0 2 2 2 4 1 0 1 0 1/2 22:04 1:19 1:52
Jake Marchment 0 0 0 0 0 2 0 0 1 1 4/8 13:36 0:00 1:29
Jeffrey Viel 0 1 1 1 17 0 1 0 0 0 0/0 6:53 0:00 0:06
Joshua Jacobs 0 0 0 0 0 0 0 1 0 0 0/0 10:58 0:00 0:00
K'Andre Miller 0 0 0 1 0 1 0 6 0 0 0/0 19:45 0:42 1:36
Linus Sandin 1 0 1 0 0 2 0 0 0 0 0/0 11:38 0:00 0:00
Nolan Patrick 1 2 3 2 5 5 3 0 0 1 19/36 19:47 1:19 1:27
Owen Tippet 0 1 1 0 2 1 2 0 1 1 2/2 14:53 0:57 0:00
Ryan Culkin 0 0 0 2 0 1 2 0 0 0 0/0 29:17 1:34 3:15
Sebastian Collberg 0 3 3 2 0 5 1 0 0 0 1/4 20:03 1:19 0:00
Shane Pinto 1 0 1 1 0 4 0 0 0 1 1/3 8:55 0:00 0:20
Yegor Korshkov 0 1 1 0 2 5 0 1 0 0 0/2 11:56 0:00 0:19
3 Stars
1 - Dryden Hunt (Har)
2 - Sebastian Collberg (Har)
3 - C.J. Smith (Abb)
Power Play
Canucks - 2 on 5 Attempt(s) - 40.00%
Wolfpack - 1 on 2 Attempt(s) - 50.00%
Penalty Kill
Canucks - 1 on 2 Attempt(s) - 50.00%
- Score 0 goal in Penalty Kill
Wolfpack - 3 on 5 Attempt(s) - 60.00%
- Score 0 goal in Penalty Kill
Team Stat
Canucks - Hits : 18 - Faceoff Wins : 38 - Blocked Shots : 10 - Penalty Minutes : 14
Wolfpack - Hits : 16 - Faceoff Wins : 32 - Blocked Shots : 16 - Penalty Minutes : 30
Official
Referees : Brandon Schrader and Garrett Rank
Linesman : Derek Nansen and Ryan Daisy
Game Notes
Nolan Patrick and Nicolas Petan fight to a draw at 15:38 of 2nd period
Jeffrey Viel beats up Lane Pederson at 16:35 of 2nd period
Finance
Level 1 -- Attendance: 2000 (100.00%) -- Ticket Income $140,000
Level 2 -- Attendance: 865 (86.50%) -- Ticket Income $34,600
Total Attendance: 2865 (95.50%)
Total Ticket Income: $174,600
Other Income: $8,730
Total Income: $183,330
Canucks
5 vs 5 Forward
Center Left Wing Right Wing Time % Phy DF OF
1 Nicolas Petan Ryan Lomberg Curtis Lazar 40 1 2 2
2 Axel Holmstrom Trevor Moore Juho Lammikko 30 1 2 2
3 Aleksi Heponiemi Mackenzie MacEachern William Lockwood 20 1 2 2
4 Lane Pederson C.J. Smith Tobias Lindberg 10 1 2 2
5 vs 5 Defense
Defense Defense Time % Phy DF OF
1 William Lagesson Daniil Miromanov 40 1 2 2
2 Guillaume Brisebois Will Borgen 30 1 2 2
3 Jack Rathbone Simon Bourque 20 1 2 2
4 Michael Kesselring William Lagesson 10 1 2 2
PowerPlay Forward
Center Left Wing Right Wing Time % Phy DF OF
1 Nicolas Petan Ryan Lomberg Curtis Lazar 60 1 2 2
2 Axel Holmstrom Trevor Moore Juho Lammikko 40 1 2 2
PowerPlay Defense
Defense Defense Time % Phy DF OF
1 William Lagesson Daniil Miromanov 60 1 2 2
2 Guillaume Brisebois Will Borgen 40 1 2 2
Penalty Kill 4 Players Forward
Center Wing Time % Phy DF OF
1 Nicolas Petan Curtis Lazar 60 1 2 2
2 Ryan Lomberg Juho Lammikko 40 1 2 2
Penalty Kill 4 Players Defense
Defense Defense Time % Phy DF OF
1 William Lagesson Daniil Miromanov 60 1 2 2
2 Guillaume Brisebois Will Borgen 40 1 2 2
Penalty Kill - 3 Players Forward
Forward Time % Phy DF OF
1 Nicolas Petan 60 1 2 2
2 Curtis Lazar 40 1 2 2
Penalty Kill - 3 Players Defense
Defense Defense Time % Phy DF OF
1 William Lagesson Daniil Miromanov 60 1 2 2
2 Guillaume Brisebois Will Borgen 40 1 2 2
4 vs 4 Forward
Center Wing Time % Phy DF OF
1 Nicolas Petan Curtis Lazar 60 1 2 2
2 Ryan Lomberg Juho Lammikko 40 1 2 2
4 vs 4 Defense
Defense Defense Time % Phy DF OF
1 William Lagesson Daniil Miromanov 60 1 2 2
2 Guillaume Brisebois Will Borgen 40 1 2 2
Last Minutes Offensive
Center Left Wing Right Wing Defense Defense
Nicolas Petan Ryan Lomberg Curtis Lazar William Lagesson Daniil Miromanov
Last Minutes Defensive
Center Left Wing Right Wing Defense Defense
Nicolas Petan Ryan Lomberg Curtis Lazar William Lagesson Daniil Miromanov
Goaltenders
Starting : Thatcher Demko
Backup : Casey DeSmith
Extra Forwards
Normal : Charles Hudon, Rasmus Asplund, Jay O'Brien - PP : Charles Hudon, Rasmus Asplund - PK : Jay O'Brien
Extra Defensemen
Normal : Jack Rathbone, Simon Bourque, Michael Kesselring - PP : Jack Rathbone - PK : Simon Bourque, Michael Kesselring
Penalty Shots
Nicolas Petan, Curtis Lazar, Ryan Lomberg, Juho Lammikko, Trevor Moore
Custom OT Lines Forwards
Nicolas Petan, Curtis Lazar, Ryan Lomberg, Juho Lammikko, Trevor Moore, Axel Holmstrom, Mackenzie MacEachern, C.J. Smith, Charles Hudon, William Lockwood
Custom OT Lines Defensemen
William Lagesson, Daniil Miromanov, Guillaume Brisebois, Will Borgen, Jack Rathbone
Scratches
Dan Renouf (Right Eye Injury), Jake Paterson (Healthy), Marek Langhamer (Healthy)
Wolfpack
5 vs 5 Forward
Center Left Wing Right Wing Time % Phy DF OF
1 Nolan Patrick Dryden Hunt Sebastian Collberg 40 1 2 2
2 Alex Barre-Boulet Alexander Barabanov Owen Tippet 30 1 2 2
3 Jake Marchment Yegor Korshkov Linus Sandin 20 1 2 2
4 Shane Pinto Jeffrey Viel Alexander Volkov 10 1 2 2
5 vs 5 Defense
Defense Defense Time % Phy DF OF
1 Colton White Ryan Culkin 40 1 2 2
2 K'Andre Miller Cale Fleury 30 1 2 2
3 Joshua Jacobs Andrew Peeke 20 1 2 2
4 Colton White Ryan Culkin 10 1 2 2
PowerPlay Forward
Center Left Wing Right Wing Time % Phy DF OF
1 Nolan Patrick Dryden Hunt Sebastian Collberg 60 1 2 2
2 Alex Barre-Boulet Alexander Barabanov Owen Tippet 40 1 2 2
PowerPlay Defense
Defense Defense Time % Phy DF OF
1 Colton White Ryan Culkin 60 1 2 2
2 K'Andre Miller Cale Fleury 40 1 2 2
Penalty Kill 4 Players Forward
Center Wing Time % Phy DF OF
1 Nolan Patrick Dryden Hunt 60 1 2 2
2 Alex Barre-Boulet Alexander Barabanov 40 1 2 2
Penalty Kill 4 Players Defense
Defense Defense Time % Phy DF OF
1 Colton White Ryan Culkin 60 1 2 2
2 K'Andre Miller Cale Fleury 40 1 2 2
Penalty Kill - 3 Players Forward
Forward Time % Phy DF OF
1 Nolan Patrick 60 1 2 2
2 Alex Barre-Boulet 40 1 2 2
Penalty Kill - 3 Players Defense
Defense Defense Time % Phy DF OF
1 Colton White Ryan Culkin 60 1 2 2
2 K'Andre Miller Cale Fleury 40 1 2 2
4 vs 4 Forward
Center Wing Time % Phy DF OF
1 Nolan Patrick Dryden Hunt 60 1 2 2
2 Alex Barre-Boulet Alexander Barabanov 40 1 2 2
4 vs 4 Defense
Defense Defense Time % Phy DF OF
1 Colton White Ryan Culkin 60 1 2 2
2 K'Andre Miller Cale Fleury 40 1 2 2
Last Minutes Offensive
Center Left Wing Right Wing Defense Defense
Nolan Patrick Dryden Hunt Sebastian Collberg Colton White Ryan Culkin
Last Minutes Defensive
Center Left Wing Right Wing Defense Defense
Nolan Patrick Dryden Hunt Sebastian Collberg Colton White Ryan Culkin
Goaltenders
Starting : Samuel Ersson
Backup : Charlie Lindgren
Extra Forwards
Normal : Alexander Barabanov, Alex Barre-Boulet, Jake Marchment - PP : Alexander Barabanov, Alex Barre-Boulet - PK : Alexander Barabanov
Extra Defensemen
Normal : Cale Fleury, Joshua Jacobs, Andrew Peeke - PP : Cale Fleury - PK : Cale Fleury, Joshua Jacobs
Penalty Shots
Sebastian Collberg, Nolan Patrick, Owen Tippet, Dryden Hunt, Alexander Barabanov
Custom OT Lines Forwards
Sebastian Collberg, Nolan Patrick, Owen Tippet, Dryden Hunt, Alexander Barabanov, Alex Barre-Boulet, Jake Marchment, Linus Sandin, Alexander Volkov, Yegor Korshkov
Custom OT Lines Defensemen
Colton White, Ryan Culkin, K'Andre Miller, Cale Fleury, Joshua Jacobs
Scratches
Ryan Poehling (Healthy), Mason Shaw (Healthy), Ben Jones (Healthy), Derrick Pouliot (Healthy), Samuel Houde (Healthy)
Dylan Samberg (Healthy), Mikhail Vorobyev (Healthy), Dante Fabbro (Healthy), Jack Drury (Healthy), Jakub Lauko (Healthy)
Martin Kaut (Healthy), Mathias Laferriere (Healthy), Maxwell Crozier (Healthy), Will Francis (Healthy), Andrei Altybarmakyan (Healthy)
Dustin Wolf (Healthy)
% Time on Ice - Canucks
Lines # - Real PCT - Wanted PCT - Time Play
Normal Forward
1 - 39% - 40% - 20:29
2 - 25% - 30% - 13:20
3 - 22% - 20% - 11:28
4 - 14% - 10% - 7:36
Normal Defense
1 - 39% - 40% - 20:24
2 - 30% - 30% - 16:07
3 - 24% - 20% - 12:29
4 - 7% - 10% - 3:53
PP Forward
1 - 61% - 60% - 2:57
2 - 39% - 40% - 1:54
PP Defense
1 - 60% - 60% - 2:56
2 - 40% - 40% - 1:55
PK Forward
1 - 86% - 60% - 1:57
2 - 14% - 40% - 0:19
PK Defense
1 - 40% - 60% - 0:54
2 - 60% - 40% - 1:22
PK3 Forward
1 - 0% - 60%
2 - 0% - 40%
PK3 Defense
1 - 0% - 60%
2 - 0% - 40%
44 Forward
1 - 0% - 60%
2 - 0% - 40%
44 Defense
1 - 0% - 60%
2 - 0% - 40%
Last Minute Offensive - 0:00
Last Minute Defensive - 0:00
Total
Forward - 60:00
Defense - 60:00
|
% Time on Ice - Wolfpack
Lines # - Real PCT - Wanted PCT - Time Play
Normal Forward
1 - 36% - 40% - 18:52
2 - 26% - 30% - 13:55
3 - 22% - 20% - 11:38
4 - 16% - 10% - 8:28
Normal Defense
1 - 40% - 40% - 21:02
2 - 33% - 30% - 17:27
3 - 21% - 20% - 10:58
4 - 6% - 10% - 3:26
PP Forward
1 - 58% - 60% - 1:19
2 - 42% - 40% - 0:57
PP Defense
1 - 69% - 60% - 1:34
2 - 31% - 40% - 0:42
PK Forward
1 - 90% - 60% - 2:57
2 - 10% - 40% - 0:20
PK Defense
1 - 67% - 60% - 2:12
2 - 33% - 40% - 1:05
PK3 Forward
1 - 100% - 60% - 1:34
2 - 0% - 40% - 0:00
PK3 Defense
1 - 67% - 60% - 1:03
2 - 33% - 40% - 0:31
44 Forward
1 - 0% - 60%
2 - 0% - 40%
44 Defense
1 - 0% - 60%
2 - 0% - 40%
Last Minute Offensive - 0:00
Last Minute Defensive - 0:00
Total
Forward - 60:00
Defense - 60:00
|
Play-by-Play
1st period
0:01 of 1st period - Nolan Patrick wins face-off versus Nicolas Petan in neutral zone.
0:16 of 1st period - Snap shot by Nolan Patrick.
0:16 of 1st period - Stopped by Thatcher Demko with a rebound.
0:56 of 1st period - Off-side.
0:57 of 1st period - Lane Pederson wins face-off versus Shane Pinto in neutral zone.
1:08 of 1st period - Jack Rathbone is hit by Alexander Volkov and loses puck.
1:30 of 1st period - Snap shot by Ryan Lomberg.
1:30 of 1st period - Stopped by Samuel Ersson without a rebound.
1:31 of 1st period - Axel Holmstrom wins face-off versus Alex Barre-Boulet in Wolfpack zone.
1:32 of 1st period - Wrist shot by Juho Lammikko.
1:32 of 1st period - Stopped by Samuel Ersson without a rebound.
1:33 of 1st period - Axel Holmstrom wins face-off versus Alex Barre-Boulet in Wolfpack zone.
1:36 of 1st period - Snap shot by Axel Holmstrom.
1:36 of 1st period - Shot Misses the Net.
1:44 of 1st period - Backhand shot by Juho Lammikko.
1:44 of 1st period - Shot Blocked by Cale Fleury.
1:46 of 1st period - Slapshot by Daniil Miromanov.
1:46 of 1st period - Shot Misses the Net.
1:48 of 1st period - Snap shot by Axel Holmstrom.
1:48 of 1st period - Shot Blocked by K'Andre Miller.
1:58 of 1st period - Nicolas Petan is hit by Nolan Patrick and loses puck.
4:01 of 1st period - Joshua Jacobs is hit by C.J. Smith and loses puck.
4:08 of 1st period - Lane Pederson is hit by Andrew Peeke and loses puck.
4:43 of 1st period - Snap shot by Ryan Lomberg.
4:43 of 1st period - Stopped by Samuel Ersson without a rebound.
4:44 of 1st period - Nicolas Petan wins face-off versus Nolan Patrick in Wolfpack zone.
4:45 of 1st period - Snap shot by Ryan Lomberg.
4:45 of 1st period - Stopped by Samuel Ersson with a rebound.
4:47 of 1st period - Wrist shot by Nicolas Petan.
4:47 of 1st period - Shot Blocked by Joshua Jacobs.
4:57 of 1st period - Wrist shot by Curtis Lazar.
4:57 of 1st period - Shot Misses the Net.
4:59 of 1st period - Snap shot by William Lagesson.
4:59 of 1st period - Shot Misses the Net.
5:16 of 1st period - Snap shot by Owen Tippet.
5:16 of 1st period - Deflect By Alex Barre-Boulet.
5:16 of 1st period - Stopped by Thatcher Demko without a rebound.
5:17 of 1st period - Nicolas Petan wins face-off versus Jake Marchment in Canucks zone.
5:24 of 1st period - Slapshot by Curtis Lazar.
5:24 of 1st period - Stopped by Samuel Ersson with a rebound.
5:26 of 1st period - Slapshot by Guillaume Brisebois.
5:26 of 1st period - Shot Misses the Net.
5:28 of 1st period - Slapshot by Guillaume Brisebois.
5:28 of 1st period - Deflect By Nicolas Petan.
5:28 of 1st period - Shot Misses the Net.
5:28 of 1st period - Puck is out of play.
5:29 of 1st period - Nicolas Petan wins face-off versus Nolan Patrick in Wolfpack zone.
5:32 of 1st period - Wrist shot by Curtis Lazar.
5:32 of 1st period - Shot Misses the Net.
5:34 of 1st period - Slapshot by William Lagesson.
5:34 of 1st period - Stopped by Samuel Ersson with a rebound.
5:36 of 1st period - Wrist shot by Ryan Lomberg.
5:36 of 1st period - Shot Misses the Net.
5:38 of 1st period - Wrist shot by Ryan Lomberg.
5:38 of 1st period - Shot Blocked by Colton White.
6:28 of 1st period - Snap shot by Yegor Korshkov.
6:28 of 1st period - Stopped by Thatcher Demko without a rebound.
6:29 of 1st period - Nolan Patrick wins face-off versus Nicolas Petan in Canucks zone.
6:40 of 1st period - Snap shot by Nicolas Petan.
6:40 of 1st period - Stopped by Samuel Ersson with a rebound.
7:01 of 1st period - Icing by Juho Lammikko.
7:02 of 1st period - Nolan Patrick wins face-off versus Axel Holmstrom in Canucks zone.
7:09 of 1st period - Snap shot by Dryden Hunt.
7:09 of 1st period - Shot Hit the Post.
7:11 of 1st period - Slapshot by Joshua Jacobs.
7:11 of 1st period - Shot Blocked by Juho Lammikko.
7:13 of 1st period - Slapshot by Andrew Peeke.
7:13 of 1st period - Shot Misses the Net.
7:15 of 1st period - Snap shot by Sebastian Collberg.
7:15 of 1st period - Stopped by Thatcher Demko with a rebound.
7:17 of 1st period - Wrist shot by Dryden Hunt.
7:17 of 1st period - Stopped by Thatcher Demko with a rebound.
7:33 of 1st period - Slapshot by William Lockwood.
7:33 of 1st period - Shot Blocked by Andrew Peeke.
7:53 of 1st period - Snap shot by Mackenzie MacEachern.
7:53 of 1st period - Stopped by Samuel Ersson with a rebound.
7:55 of 1st period - Snap shot by Ryan Lomberg.
7:55 of 1st period - Deflect By Ryan Culkin.
7:55 of 1st period - Shot Misses the Net.
7:55 of 1st period - Puck is out of play.
7:56 of 1st period - Nolan Patrick wins face-off versus Nicolas Petan in Wolfpack zone.
8:17 of 1st period - Minor Penalty to Nicolas Petan for High sticking.
8:18 of 1st period - Jay O'Brien wins face-off versus Sebastian Collberg in Canucks zone.
8:45 of 1st period - Colton White is hit by Curtis Lazar and loses puck.
10:17 of 1st period - Penalty to Nicolas Petan is over, Nicolas Petan is back on ice.
10:24 of 1st period - Backhand shot by Linus Sandin.
10:24 of 1st period - Stopped by Thatcher Demko with a rebound.
10:26 of 1st period - Slapshot by Andrew Peeke.
10:26 of 1st period - Stopped by Thatcher Demko with a rebound.
10:32 of 1st period - Wrist shot by Linus Sandin.
10:32 of 1st period - Shot Misses the Net.
10:54 of 1st period - Wrist shot by Lane Pederson.
10:54 of 1st period - Stopped by Samuel Ersson without a rebound.
10:55 of 1st period - Jake Marchment wins face-off versus Curtis Lazar in Wolfpack zone.
11:31 of 1st period - Snap shot by Axel Holmstrom.
11:31 of 1st period - Shot Misses the Net.
11:55 of 1st period - Guillaume Brisebois is hit by Nolan Patrick and loses puck.
12:36 of 1st period - Wrist shot by Nicolas Petan.
12:36 of 1st period - Deflect By Curtis Lazar.
12:36 of 1st period - Stopped by Samuel Ersson without a rebound.
12:37 of 1st period - Nolan Patrick wins face-off versus Nicolas Petan in Wolfpack zone.
12:46 of 1st period - Snap shot by Sebastian Collberg.
12:46 of 1st period - Shot Misses the Net.
12:52 of 1st period - Wrist shot by Nolan Patrick.
12:52 of 1st period - Stopped by Thatcher Demko with a rebound.
13:12 of 1st period - Wrist shot by Ryan Lomberg.
13:12 of 1st period - Shot Misses the Net.
13:37 of 1st period - Off-side.
13:38 of 1st period - Nolan Patrick wins face-off versus Axel Holmstrom in neutral zone.
14:06 of 1st period - William Lockwood is hit by Cale Fleury and loses puck.
14:36 of 1st period - Minor Penalty to Mackenzie MacEachern for Interference.
14:37 of 1st period - Nicolas Petan wins face-off versus Nolan Patrick in Canucks zone.
14:51 of 1st period - Snap shot by Nolan Patrick.
14:51 of 1st period - Shot Misses the Net.
14:53 of 1st period - Snap shot by Dryden Hunt.
14:53 of 1st period - Deflect By Curtis Lazar.
14:53 of 1st period - Goal by Dryden Hunt - Canucks : 0 - Wolfpack : 1.
14:54 of 1st period - Axel Holmstrom wins face-off versus Nolan Patrick in neutral zone.
14:57 of 1st period - Sebastian Collberg is hit by Juho Lammikko and loses puck.
15:24 of 1st period - William Lagesson is hit by Owen Tippet and loses puck.
15:47 of 1st period - Snap shot by Mackenzie MacEachern.
15:47 of 1st period - Stopped by Samuel Ersson with a rebound.
15:49 of 1st period - Slapshot by William Lagesson.
15:49 of 1st period - Shot Blocked by K'Andre Miller.
15:51 of 1st period - Wrist shot by William Lagesson.
15:51 of 1st period - Stopped by Samuel Ersson without a rebound.
15:52 of 1st period - Nolan Patrick wins face-off versus Axel Holmstrom in Wolfpack zone.
16:24 of 1st period - Wrist shot by Owen Tippet.
16:24 of 1st period - Deflect By Alexander Barabanov.
16:24 of 1st period - Shot Blocked by Will Borgen.
16:24 of 1st period - Puck is out of play.
16:25 of 1st period - Ryan Lomberg wins face-off versus Nolan Patrick in Canucks zone.
16:36 of 1st period - Slapshot by Ryan Lomberg.
16:36 of 1st period - Stopped by Samuel Ersson without a rebound.
16:37 of 1st period - Nolan Patrick wins face-off versus Axel Holmstrom in Wolfpack zone.
17:03 of 1st period - Guillaume Brisebois is hit by Colton White.
17:23 of 1st period - William Lagesson is hit by Ryan Culkin and loses puck.
17:28 of 1st period - Slapshot by Yegor Korshkov.
17:28 of 1st period - Stopped by Thatcher Demko without a rebound.
17:29 of 1st period - Axel Holmstrom wins face-off versus Nolan Patrick in Canucks zone.
17:36 of 1st period - Sebastian Collberg is hit by Will Borgen and loses puck.
18:42 of 1st period - Snap shot by Sebastian Collberg.
18:42 of 1st period - Deflect By Nolan Patrick.
18:42 of 1st period - Shot Blocked by Daniil Miromanov.
18:42 of 1st period - Puck is out of play.
18:43 of 1st period - Nicolas Petan wins face-off versus Nolan Patrick in Canucks zone.
18:45 of 1st period - Icing by Curtis Lazar.
18:46 of 1st period - Nolan Patrick wins face-off versus Nicolas Petan in Canucks zone.
18:47 of 1st period - Backhand shot by Sebastian Collberg.
18:47 of 1st period - Stopped by Thatcher Demko without a rebound.
18:48 of 1st period - Nolan Patrick wins face-off versus Nicolas Petan in Canucks zone.
18:57 of 1st period - Wrist shot by Nolan Patrick.
18:57 of 1st period - Stopped by Thatcher Demko without a rebound.
18:58 of 1st period - Nolan Patrick wins face-off versus Axel Holmstrom in Canucks zone.
19:01 of 1st period - Snap shot by Nolan Patrick.
19:01 of 1st period - Shot Misses the Net.
19:03 of 1st period - Slapshot by Dryden Hunt.
19:03 of 1st period - Stopped by Thatcher Demko with a rebound.
19:05 of 1st period - Slapshot by Colton White.
19:05 of 1st period - Shot Blocked by Juho Lammikko.
19:07 of 1st period - Snap shot by Sebastian Collberg.
19:07 of 1st period - Stopped by Thatcher Demko without a rebound.
19:08 of 1st period - Axel Holmstrom wins face-off versus Nolan Patrick in Canucks zone.
19:15 of 1st period - Snap shot by Nolan Patrick.
19:15 of 1st period - Shot Misses the Net.
19:19 of 1st period - Slapshot by Sebastian Collberg.
19:19 of 1st period - Stopped by Thatcher Demko with a rebound.
19:23 of 1st period - Snap shot by Nolan Patrick.
19:23 of 1st period - Deflect By Dryden Hunt.
19:23 of 1st period - Shot Misses the Net.
19:23 of 1st period - Puck is out of play.
19:24 of 1st period - Owen Tippet wins face-off versus Nicolas Petan in Canucks zone.
19:37 of 1st period - Backhand shot by Alex Barre-Boulet.
19:37 of 1st period - Shot Misses the Net.
19:39 of 1st period - Wrist shot by Alexander Barabanov.
19:39 of 1st period - Goal by Alexander Barabanov - Canucks : 0 - Wolfpack : 2.
19:40 of 1st period - Nolan Patrick wins face-off versus Nicolas Petan in neutral zone.
Goals for this period are 0 for Canucks vs 2 for Wolfpack.
Shots for this period are 13 for Canucks vs 16 for Wolfpack.
2nd period
0:01 of 2nd period - Nolan Patrick wins face-off versus Trevor Moore in neutral zone.
0:58 of 2nd period - Snap shot by Shane Pinto.
0:58 of 2nd period - Shot Misses the Net.
1:10 of 2nd period - Wrist shot by Mackenzie MacEachern.
1:10 of 2nd period - Stopped by Samuel Ersson with a rebound.
1:12 of 2nd period - Slapshot by William Lagesson.
1:12 of 2nd period - Shot Blocked by K'Andre Miller.
2:17 of 2nd period - Wrist shot by Mackenzie MacEachern.
2:17 of 2nd period - Deflect By Owen Tippet.
2:17 of 2nd period - Stopped by Samuel Ersson without a rebound.
2:18 of 2nd period - Nolan Patrick wins face-off versus Axel Holmstrom in Wolfpack zone.
2:18 of 2nd period - Nolan Patrick is hit by Jack Rathbone.
2:34 of 2nd period - Wrist shot by Dryden Hunt.
2:34 of 2nd period - Goal by Dryden Hunt - Canucks : 0 - Wolfpack : 3.
2:35 of 2nd period - Nicolas Petan wins face-off versus Dryden Hunt in neutral zone.
3:08 of 2nd period - Snap shot by Owen Tippet.
3:08 of 2nd period - Deflect By William Lagesson.
3:08 of 2nd period - Shot Misses the Net.
3:08 of 2nd period - Puck is out of play.
3:09 of 2nd period - Alex Barre-Boulet wins face-off versus Axel Holmstrom in Canucks zone.
3:38 of 2nd period - Snap shot by C.J. Smith.
3:38 of 2nd period - Shot Blocked by Cale Fleury.
3:40 of 2nd period - Snap shot by Tobias Lindberg.
3:40 of 2nd period - Shot Misses the Net.
3:42 of 2nd period - Snap shot by Lane Pederson.
3:42 of 2nd period - Goal by Lane Pederson - Canucks : 1 - Wolfpack : 3.
3:43 of 2nd period - Nicolas Petan wins face-off versus Nolan Patrick in neutral zone.
3:58 of 2nd period - Ryan Lomberg is hit by Ryan Culkin and loses puck.
4:09 of 2nd period - Colton White is hit by Axel Holmstrom and loses puck.
4:16 of 2nd period - Snap shot by Yegor Korshkov.
4:16 of 2nd period - Shot Blocked by William Lagesson.
4:28 of 2nd period - Wrist shot by Alex Barre-Boulet.
4:28 of 2nd period - Stopped by Thatcher Demko without a rebound.
4:29 of 2nd period - Aleksi Heponiemi wins face-off versus Alex Barre-Boulet in Canucks zone.
5:39 of 2nd period - Slapshot by Alex Barre-Boulet.
5:39 of 2nd period - Stopped by Thatcher Demko with a rebound.
6:41 of 2nd period - Simon Bourque is hit by Owen Tippet and loses puck.
7:00 of 2nd period - Slapshot by Ryan Culkin.
7:00 of 2nd period - Stopped by Thatcher Demko without a rebound.
7:01 of 2nd period - Nolan Patrick wins face-off versus Curtis Lazar in Canucks zone.
7:31 of 2nd period - Snap shot by Juho Lammikko.
7:31 of 2nd period - Shot Blocked by K'Andre Miller.
7:57 of 2nd period - Lane Pederson is hit by Jeffrey Viel and loses puck.
8:31 of 2nd period - Icing by Will Borgen.
8:32 of 2nd period - Jake Marchment wins face-off versus Axel Holmstrom in Canucks zone.
8:37 of 2nd period - Wrist shot by Yegor Korshkov.
8:37 of 2nd period - Stopped by Thatcher Demko with a rebound.
8:39 of 2nd period - Slapshot by Cale Fleury.
8:39 of 2nd period - Deflect By Linus Sandin.
8:39 of 2nd period - Goal by Linus Sandin - Canucks : 1 - Wolfpack : 4.
8:40 of 2nd period - Nicolas Petan wins face-off versus Nolan Patrick in neutral zone.
8:43 of 2nd period - Slapshot by Ryan Lomberg.
8:43 of 2nd period - Shot Blocked by Cale Fleury.
9:15 of 2nd period - Slapshot by K'Andre Miller.
9:15 of 2nd period - Stopped by Thatcher Demko without a rebound.
9:16 of 2nd period - Sebastian Collberg wins face-off versus Nicolas Petan in Canucks zone.
9:32 of 2nd period - Icing by Colton White.
9:33 of 2nd period - Axel Holmstrom wins face-off versus Nolan Patrick in Wolfpack zone.
10:11 of 2nd period - Slapshot by Nolan Patrick.
10:11 of 2nd period - Stopped by Thatcher Demko with a rebound.
10:13 of 2nd period - Slapshot by Colton White.
10:13 of 2nd period - Stopped by Thatcher Demko with a rebound.
11:03 of 2nd period - Snap shot by Sebastian Collberg.
11:03 of 2nd period - Stopped by Thatcher Demko without a rebound.
11:04 of 2nd period - Juho Lammikko wins face-off versus Jake Marchment in Canucks zone.
11:34 of 2nd period - Joshua Jacobs is hit by Lane Pederson and loses puck.
11:39 of 2nd period - Slapshot by Lane Pederson.
11:39 of 2nd period - Deflect By Alexander Volkov.
11:39 of 2nd period - Stopped by Samuel Ersson without a rebound.
11:40 of 2nd period - Alex Barre-Boulet wins face-off versus Lane Pederson in Wolfpack zone.
12:05 of 2nd period - Jake Marchment is hit by Jack Rathbone and loses puck.
12:16 of 2nd period - Slapshot by Trevor Moore.
12:16 of 2nd period - Shot Misses the Net.
12:30 of 2nd period - Joshua Jacobs is hit by Will Borgen and loses puck.
12:53 of 2nd period - Snap shot by Alexander Barabanov.
12:53 of 2nd period - Stopped by Thatcher Demko with a rebound.
12:55 of 2nd period - Wrist shot by Owen Tippet.
12:55 of 2nd period - Stopped by Thatcher Demko without a rebound.
12:56 of 2nd period - Nicolas Petan wins face-off versus Yegor Korshkov in Canucks zone.
13:51 of 2nd period - Slapshot by Cale Fleury.
13:51 of 2nd period - Stopped by Thatcher Demko with a rebound.
14:01 of 2nd period - Cale Fleury is hit by C.J. Smith and loses puck.
15:18 of 2nd period - Wrist shot by Curtis Lazar.
15:18 of 2nd period - Shot Blocked by Andrew Peeke.
15:24 of 2nd period - Snap shot by Shane Pinto.
15:24 of 2nd period - Goal by Shane Pinto - Canucks : 1 - Wolfpack : 5.
15:25 of 2nd period - Nolan Patrick wins face-off versus Nicolas Petan in neutral zone.
15:25 of 2nd period - Nolan Patrick is hit by Guillaume Brisebois.
15:38 of 2nd period - Nolan Patrick and Nicolas Petan fight to a draw.
15:38 of 2nd period - Penalty to Nolan Patrick for Fighting.
15:38 of 2nd period - Penalty to Nicolas Petan for Fighting.
15:39 of 2nd period - Alexander Barabanov wins face-off versus Charles Hudon in neutral zone.
15:54 of 2nd period - Slapshot by Curtis Lazar.
15:54 of 2nd period - Shot Misses the Net.
16:03 of 2nd period - Jake Marchment is hit by William Lagesson and loses puck.
16:26 of 2nd period - Wrist shot by Tobias Lindberg.
16:26 of 2nd period - Stopped by Samuel Ersson without a rebound.
16:27 of 2nd period - Lane Pederson wins face-off versus Shane Pinto in Wolfpack zone.
16:35 of 2nd period - Jeffrey Viel beats up Lane Pederson.
16:35 of 2nd period - Penalty to Jeffrey Viel for Fighting.
16:35 of 2nd period - Penalty to Lane Pederson for Fighting.
16:35 of 2nd period - Penalty to Jeffrey Viel for instigated a fight.
16:35 of 2nd period - Penalty to Jeffrey Viel for instigated a fight.
16:36 of 2nd period - Charles Hudon wins face-off versus Alexander Barabanov in Wolfpack zone.
16:53 of 2nd period - Alexander Barabanov is hit by Curtis Lazar and loses puck.
17:00 of 2nd period - Minor Penalty to Dryden Hunt for Tripping.
17:01 of 2nd period - Charles Hudon wins face-off versus Alexander Barabanov in Wolfpack zone.
18:35 of 2nd period - Penalty to Jeffrey Viel is over, Yegor Korshkov is send on ice.
19:00 of 2nd period - Penalty to Dryden Hunt is over, Dryden Hunt is back on ice.
19:29 of 2nd period - Mackenzie MacEachern is hit by Alex Barre-Boulet and loses puck.
Goals for this period are 1 for Canucks vs 3 for Wolfpack.
Shots for this period are 5 for Canucks vs 14 for Wolfpack.
3rd period
0:01 of 3rd period - Curtis Lazar wins face-off versus Alexander Barabanov in neutral zone.
0:07 of 3rd period - Icing by Ryan Culkin.
0:08 of 3rd period - Alexander Barabanov wins face-off versus Charles Hudon in Wolfpack zone.
0:08 of 3rd period - Alexander Barabanov is hit by Ryan Lomberg.
0:22 of 3rd period - Backhand shot by Sebastian Collberg.
0:22 of 3rd period - Deflect By Daniil Miromanov.
0:22 of 3rd period - Shot Misses the Net.
0:22 of 3rd period - Puck is out of play.
0:23 of 3rd period - Axel Holmstrom wins face-off versus Sebastian Collberg in Canucks zone.
0:34 of 3rd period - Slapshot by Juho Lammikko.
0:34 of 3rd period - Stopped by Samuel Ersson without a rebound.
0:35 of 3rd period - Ryan Lomberg wins face-off versus Alexander Barabanov in Wolfpack zone.
1:06 of 3rd period - Cale Fleury is hit by William Lagesson and loses puck.
1:28 of 3rd period - Snap shot by Shane Pinto.
1:28 of 3rd period - Shot Blocked by Simon Bourque.
1:30 of 3rd period - Wrist shot by Shane Pinto.
1:30 of 3rd period - Stopped by Thatcher Demko with a rebound.
1:40 of 3rd period - Snap shot by Lane Pederson.
1:40 of 3rd period - Shot Misses the Net.
1:42 of 3rd period - Snap shot by C.J. Smith.
1:42 of 3rd period - Deflect By Lane Pederson.
1:42 of 3rd period - Shot Misses the Net.
1:42 of 3rd period - Puck is out of play.
1:43 of 3rd period - Lane Pederson wins face-off versus Nolan Patrick in Wolfpack zone.
1:44 of 3rd period - Snap shot by Tobias Lindberg.
1:44 of 3rd period - Shot Misses the Net.
1:46 of 3rd period - Snap shot by Guillaume Brisebois.
1:46 of 3rd period - Shot Misses the Net.
1:48 of 3rd period - Slapshot by Will Borgen.
1:48 of 3rd period - Stopped by Samuel Ersson with a rebound.
1:50 of 3rd period - Snap shot by Tobias Lindberg.
1:50 of 3rd period - Stopped by Samuel Ersson with a rebound.
1:52 of 3rd period - Snap shot by Guillaume Brisebois.
1:52 of 3rd period - Deflect By C.J. Smith.
1:52 of 3rd period - Stopped by Samuel Ersson with a rebound.
1:54 of 3rd period - Slapshot by Lane Pederson.
1:54 of 3rd period - Shot Misses the Net.
1:56 of 3rd period - Wrist shot by Tobias Lindberg.
1:56 of 3rd period - Shot Blocked by Andrew Peeke.
2:33 of 3rd period - Wrist shot by Linus Sandin.
2:33 of 3rd period - Shot Blocked by Axel Holmstrom.
2:35 of 3rd period - Slapshot by Cale Fleury.
2:35 of 3rd period - Shot Misses the Net.
2:37 of 3rd period - Slapshot by Cale Fleury.
2:37 of 3rd period - Shot Blocked by William Lagesson.
3:08 of 3rd period - Lane Pederson is hit by Nolan Patrick and loses puck.
3:17 of 3rd period - Snap shot by Tobias Lindberg.
3:17 of 3rd period - Shot Misses the Net.
3:28 of 3rd period - Minor Penalty to Yegor Korshkov for Cross-checking.
3:29 of 3rd period - Nolan Patrick wins face-off versus Nicolas Petan in Wolfpack zone.
3:44 of 3rd period - Snap shot by Ryan Lomberg.
3:44 of 3rd period - Goal by Ryan Lomberg - Canucks : 2 - Wolfpack : 5.
3:45 of 3rd period - Nicolas Petan wins face-off versus Sebastian Collberg in neutral zone.
4:33 of 3rd period - Snap shot by Juho Lammikko.
4:33 of 3rd period - Shot Misses the Net.
4:35 of 3rd period - Slapshot by William Lockwood.
4:35 of 3rd period - Stopped by Samuel Ersson with a rebound.
4:37 of 3rd period - Snap shot by Aleksi Heponiemi.
4:37 of 3rd period - Shot Blocked by K'Andre Miller.
4:39 of 3rd period - Snap shot by William Lockwood.
4:39 of 3rd period - Shot Misses the Net.
4:55 of 3rd period - Slapshot by Jake Marchment.
4:55 of 3rd period - Stopped by Thatcher Demko with a rebound.
4:57 of 3rd period - Snap shot by Shane Pinto.
4:57 of 3rd period - Stopped by Thatcher Demko without a rebound.
4:58 of 3rd period - Shane Pinto wins face-off versus C.J. Smith in Canucks zone.
5:50 of 3rd period - Snap shot by Trevor Moore.
5:50 of 3rd period - Shot Misses the Net.
6:30 of 3rd period - Slapshot by Shane Pinto.
6:30 of 3rd period - Stopped by Thatcher Demko with a rebound.
7:18 of 3rd period - Yegor Korshkov is hit by William Lockwood and loses puck.
7:52 of 3rd period - Minor Penalty to Cale Fleury for Tripping.
7:53 of 3rd period - Nicolas Petan wins face-off versus Nolan Patrick in Wolfpack zone.
8:00 of 3rd period - Slapshot by Nicolas Petan.
8:00 of 3rd period - Shot Misses the Net.
8:02 of 3rd period - Snap shot by Nicolas Petan.
8:02 of 3rd period - Shot Misses the Net.
8:04 of 3rd period - Snap shot by Ryan Lomberg.
8:04 of 3rd period - Goal by Ryan Lomberg - Canucks : 3 - Wolfpack : 5.
8:05 of 3rd period - Nolan Patrick wins face-off versus Nicolas Petan in neutral zone.
8:09 of 3rd period - Off-side.
8:10 of 3rd period - Nicolas Petan wins face-off versus Nolan Patrick in neutral zone.
8:48 of 3rd period - William Lockwood is hit by Dryden Hunt and loses puck.
9:09 of 3rd period - Snap shot by Mackenzie MacEachern.
9:09 of 3rd period - Deflect By William Lockwood.
9:09 of 3rd period - Shot Misses the Net.
9:09 of 3rd period - Puck is out of play.
9:10 of 3rd period - Nicolas Petan wins face-off versus Alex Barre-Boulet in Wolfpack zone.
9:11 of 3rd period - Snap shot by Curtis Lazar.
9:11 of 3rd period - Stopped by Samuel Ersson without a rebound.
9:12 of 3rd period - Nicolas Petan wins face-off versus Alexander Barabanov in Wolfpack zone.
9:23 of 3rd period - Slapshot by Ryan Lomberg.
9:23 of 3rd period - Shot Misses the Net.
9:45 of 3rd period - Slapshot by Juho Lammikko.
9:45 of 3rd period - Shot Blocked by K'Andre Miller.
9:47 of 3rd period - Backhand shot by Juho Lammikko.
9:47 of 3rd period - Shot Blocked by Cale Fleury.
9:49 of 3rd period - Snap shot by Axel Holmstrom.
9:49 of 3rd period - Stopped by Samuel Ersson without a rebound.
9:50 of 3rd period - Owen Tippet wins face-off versus Axel Holmstrom in Wolfpack zone.
9:55 of 3rd period - Slapshot by Alex Barre-Boulet.
9:55 of 3rd period - Stopped by Thatcher Demko with a rebound.
10:11 of 3rd period - Minor Penalty to Owen Tippet for Slashing.
10:12 of 3rd period - Nolan Patrick wins face-off versus Nicolas Petan in Wolfpack zone.
11:35 of 3rd period - 10 Minutes Misconduct Penalty to Jeffrey Viel is over.
12:11 of 3rd period - Penalty to Owen Tippet is over, Owen Tippet is back on ice.
12:26 of 3rd period - Wrist shot by Mackenzie MacEachern.
12:26 of 3rd period - Stopped by Samuel Ersson with a rebound.
12:28 of 3rd period - Wrist shot by Aleksi Heponiemi.
12:28 of 3rd period - Shot Hit the Post.
12:38 of 3rd period - Snap shot by K'Andre Miller.
12:38 of 3rd period - Deflect By Yegor Korshkov.
12:38 of 3rd period - Deflect By Lane Pederson.
12:38 of 3rd period - Shot Misses the Net.
12:38 of 3rd period - Puck is out of play.
12:39 of 3rd period - Lane Pederson wins face-off versus Jake Marchment in Canucks zone.
12:44 of 3rd period - Slapshot by William Lagesson.
12:44 of 3rd period - Stopped by Samuel Ersson with a rebound.
12:50 of 3rd period - Slapshot by C.J. Smith.
12:50 of 3rd period - Stopped by Samuel Ersson with a rebound.
12:52 of 3rd period - Wrist shot by C.J. Smith.
12:52 of 3rd period - Goal by C.J. Smith - Canucks : 4 - Wolfpack : 5.
12:53 of 3rd period - Curtis Lazar wins face-off versus Nolan Patrick in neutral zone.
13:40 of 3rd period - Off-side.
13:41 of 3rd period - Dryden Hunt wins face-off versus Lane Pederson in neutral zone.
13:48 of 3rd period - Snap shot by Sebastian Collberg.
13:48 of 3rd period - Shot Blocked by C.J. Smith.
14:08 of 3rd period - Wrist shot by Curtis Lazar.
14:08 of 3rd period - Shot Misses the Net.
14:33 of 3rd period - Snap shot by Yegor Korshkov.
14:33 of 3rd period - Shot Blocked by Axel Holmstrom.
14:35 of 3rd period - Slapshot by Linus Sandin.
14:35 of 3rd period - Deflect By Jake Marchment.
14:35 of 3rd period - Stopped by Thatcher Demko with a rebound.
14:37 of 3rd period - Snap shot by Yegor Korshkov.
14:37 of 3rd period - Stopped by Thatcher Demko without a rebound.
14:38 of 3rd period - Nicolas Petan wins face-off versus Nolan Patrick in Canucks zone.
15:13 of 3rd period - Snap shot by Nolan Patrick.
15:13 of 3rd period - Goal by Nolan Patrick - Canucks : 4 - Wolfpack : 6.
15:14 of 3rd period - Nicolas Petan wins face-off versus Yegor Korshkov in neutral zone.
15:25 of 3rd period - Wrist shot by Linus Sandin.
15:25 of 3rd period - Deflect By Yegor Korshkov.
15:25 of 3rd period - Stopped by Thatcher Demko without a rebound.
15:26 of 3rd period - Jake Marchment wins face-off versus Nicolas Petan in Canucks zone.
15:34 of 3rd period - Icing by Curtis Lazar.
15:35 of 3rd period - Nicolas Petan wins face-off versus Jake Marchment in Canucks zone.
15:48 of 3rd period - Snap shot by Ryan Lomberg.
15:48 of 3rd period - Shot Blocked by Yegor Korshkov.
15:50 of 3rd period - Slapshot by Daniil Miromanov.
15:50 of 3rd period - Shot Misses the Net.
15:52 of 3rd period - Wrist shot by Nicolas Petan.
15:52 of 3rd period - Stopped by Samuel Ersson with a rebound.
15:54 of 3rd period - Wrist shot by Curtis Lazar.
15:54 of 3rd period - Stopped by Samuel Ersson with a rebound.
15:58 of 3rd period - Snap shot by Nicolas Petan.
15:58 of 3rd period - Shot Misses the Net.
16:00 of 3rd period - Snap shot by Daniil Miromanov.
16:00 of 3rd period - Stopped by Samuel Ersson without a rebound.
16:01 of 3rd period - Aleksi Heponiemi wins face-off versus Nolan Patrick in Wolfpack zone.
16:27 of 3rd period - Juho Lammikko is hit by Alex Barre-Boulet and loses puck.
16:56 of 3rd period - Cale Fleury is hit by Nicolas Petan.
17:03 of 3rd period - Icing by K'Andre Miller.
17:04 of 3rd period - Jake Marchment wins face-off versus Lane Pederson in Wolfpack zone.
17:11 of 3rd period - Tobias Lindberg is hit by Sebastian Collberg and loses puck.
18:17 of 3rd period - Slapshot by Ryan Lomberg.
18:17 of 3rd period - Shot Misses the Net.
19:48 of 3rd period - Jeffrey Viel is hit by Ryan Lomberg and loses puck.
Goals for this period are 3 for Canucks vs 1 for Wolfpack.
Shots for this period are 16 for Canucks vs 9 for Wolfpack.